← All builds
Suicide front / Armada / Factory first / OBSERVED BUILD

Standard suicide front

The role's default: factory first (mostly Bot Lab), pushing Rocketeer-led bot play into the middle to contest and hold the front, with an Advanced Metal Extractor around 9:36 as the natural transition.

Usually lab first (63%)

#raid #push · 1291 distinct matches · 127 players · 71% of Armada Suicide front games · team won 59% of 1529 · Recently observed

HOW TO PLAY IT

Key timing: Bot Lab by 0:20

  1. Open with mex and wind, drop Bot Lab immediately.
  2. Push out first "Centurion" as Pond's boost lands.
  3. Send "Rocketeer", "Centurion", "Pawn" mix to contest middle.
  4. Add Dragon's Teeth and Sentries to hold the line.
  5. Get Advanced Metal Extractor up as T2 nears.

Phase by phase

TYPICAL OF ITS 1291 GAMES
  1. 1
  2. 2
  3. 3
PLAY THE OPENING

Follow the example game's first 6:00 step by step: what to build now, what comes next, and where it goes. At 1× it keeps pace with your own game.

  1. 1

    Bot Lab first

    Order
    1. Bot LabBot Lab done ~0:20, middle half 0:20–0:33

    Some games also: mex (36%)

  2. 2

    Bot Lab to 5:00

    Economy
    • Metal Extractor5Mex
    • Wind Turbine4Wind
    Builders
    • Construction Bot3 Con bot
    • Lazarus2 Lazarus
    Army
    • Sentry4 Sentry
    • Rocketeer17 Rocketeer
    • Tick2 Tick
    • Centurion1 Centurion
    Other
    • Radar Tower1 Radar Tower

    Some games also: con turret (35%) · pawn (32%)

    By 5:00 in all: 5 mex · 4 wind

    The example game in this phase · 39 steps
    1. Wind
    2. LazarusLazarus
    3. Wind
    4. Construction BotCon bot
    5. SentrySentry
    6. Construction BotCon bot
    7. CenturionCenturion
    8. Mex ×2
    9. RocketeerRocketeer
    10. Mex
    11. RocketeerRocketeer ×2
    12. Con turret
    13. Mex
    14. RocketeerRocketeer
    15. Mex
    16. RocketeerRocketeer
    17. SentrySentry ×2
    18. LazarusLazarus
    19. Radar TowerRadar Tower
    20. RocketeerRocketeer ×3
    21. Wind
    22. RocketeerRocketeer
    23. Wind
    24. RocketeerRocketeer
    25. Wind
    26. LazarusLazarus
    27. Wind
    28. Radar TowerRadar Tower
    29. RocketeerRocketeer
    30. Wind
    31. RocketeerRocketeer
    32. Wind
    33. RocketeerRocketeer
    34. Wind
    35. Con turret
    36. RocketeerRocketeer
    37. Wind
    38. RocketeerRocketeer
    39. Wind ×2
  3. 3

    5:00 to 10:00

    Economy
    • Metal Extractor1Mex
    • Wind Turbine17Wind
    Builders
    • Construction Turret2 Con turret
    • Lazarus2 Lazarus
    • Construction Bot1 Con bot
    Army
    • Sentry1 Sentry
    • Rocketeer8 Rocketeer
    • Pawn1 Pawn

    Some games also: tick (47%) · energy storage (46%) · Radar Tower (46%) · centurion (45%) · Beamer (39%)

    By 10:00 in all: 6 mex · 23 wind · 1 energy storage · 3 con turret

    The example game in this phase · 108 steps
    1. LazarusLazarus
    2. Wind
    3. RocketeerRocketeer
    4. Wind
    5. RocketeerRocketeer
    6. Wind ×2
    7. RocketeerRocketeer
    8. Wind ×2
    9. RocketeerRocketeer
    10. Wind
    11. Mex
    12. RocketeerRocketeer
    13. Con turret
    14. LazarusLazarus
    15. Wind
    16. Radar TowerRadar Tower
    17. Wind
    18. RocketeerRocketeer
    19. SentrySentry
    20. Wind
    21. RocketeerRocketeer
    22. Wind
    23. RocketeerRocketeer
    24. SentrySentry
    25. Wind
    26. RocketeerRocketeer
    27. Wind
    28. RocketeerRocketeer
    29. SentrySentry
    30. Wind ×2
    31. LazarusLazarus
    32. Wind
    33. SentrySentry
    34. Wind
    35. RocketeerRocketeer
    36. PawnPawn
    37. Con turret
    38. SentrySentry
    39. PawnPawn
    40. SentrySentry
    41. PawnPawn ×3
    42. SentrySentry
    43. PawnPawn ×3
    44. Wind
    45. PawnPawn
    46. Wind
    47. PawnPawn ×2
    48. Wind
    49. PawnPawn
    50. Wind
    51. Energy storage
    52. PawnPawn
    53. Wind
    54. PawnPawn
    55. Wind
    56. Advanced Metal ExtractorT2 mexdone 10:41 · typical 9:36
    57. Converter
    58. Mex
    59. Radar TowerRadar Tower
    60. Converter
    61. PawnPawn ×2
    62. Converter
    63. PawnPawn ×2
    64. Converter
    65. PawnPawn ×2
    66. Converter
    67. PawnPawn
    68. Converter
    69. PawnPawn ×2
    70. Converter
    71. PawnPawn ×2
    72. Converter
    73. PawnPawn
    74. Converter
    75. PawnPawn ×2
    76. Converter
    77. PawnPawn ×6
    78. Wind
    79. PawnPawn
    80. Wind
    81. PawnPawn
    82. Wind
    83. Advanced Metal ExtractorT2 mex
    84. PawnPawn
    85. Wind
    86. PawnPawn
    87. Wind
    88. PawnPawn
    89. Wind
    90. PawnPawn
    91. Advanced Metal ExtractorT2 mex
    92. Wind
    93. PawnPawn ×2
    94. Mex
    95. PawnPawn ×5
    96. Con turret
    97. RattlesnakeRattlesnakedone 14:39
    98. Mex
    99. PawnPawn
    100. Con turret
    101. PawnPawn ×2
    102. BeamerBeamer
    103. PawnPawn ×2
    104. AnemoneAnemone
    105. BeamerBeamer
    106. PawnPawn ×2
    107. BeamerBeamer
    108. PawnPawn ×11

Counts are medians over the build's games: half of them build more, half fewer. The example game is [crd]sisa's (45 OS, 28/09/2026); pick another.

Team trades

IN AT LEAST 30% OF ITS GAMES

You hand over

Nothing regular.

You get

  • Tidal Generator4 Tidal from Pondfirst at 0:10 · in 69% of games
  • Advanced Construction Bot1 T2 con bot from Geo or Techfirst at 7:30 · in 59% of games

How it plays out

Typical game of this build, running totals by minute

Metal produced

010k20k30k
0:005:0010:0015:00

metal

Enemy metal destroyed

05k10k
0:005:0010:0015:00

metal

Own metal lost

05k10k
0:005:0010:0015:00

metal

1529 games.

Show as table
ByMetal produced: This buildEnemy metal destroyed: This buildOwn metal lost: This build
1:0022600
2:0088800
3:002051180106
4:003161658496
5:00424314131026
6:00543322981789
7:00667031752710
8:00792040313619
9:00931747964495
10:001069954265316
11:001226559036054
12:001411365126830
13:001622270137536
14:001810976968373
15:002046683299249
WHAT THE NUMBERS SAY

Standard suicide front play wins slightly more than half its games with fast kills but also fast losses, matching the raw grind of the role.

  • + First kill lands by 2:04 in all games
  • + Metal produced reaches 19882 by 15:00
  • − Own metal lost hits 9208 by 15:00, near metal destroyed of 8172
  • − First unit lost as early as 2:08 in every game
THE EXAMPLE YOU ARE READING

[crd]sisa

45.0 OS · 28/09/2026

Open source match ↗

8 received units · includes a constructor
119 metal received · 36631 energy received

Allied construction assistance is unknown. Timings are observations, not a promise of solo reproducibility.

Typical milestones

Bot Lab0:20Middle 50%: 0:20–0:33 · n=1522
Advanced Metal Extractor9:36Middle 50%: 8:41–10:48 · n=1128

Played most by

_X_253games of this buildPlatinumBlonde181games of this buildXad120games of this buildImmort73games of this buildwatermeloans60games of this build